 Dungeon Crawl Stone Soup version 0.24.0-1-gfbc8707 (webtiles) character file.

Game seed: 6934451962560404354, levelgen mode: deterministic

17042 porkupine the Spear-Bearer (level 12, -8/112 HPs)
             Began as a Minotaur Abyssal Knight on Nov 6, 2019.
             Was the Champion of Lugonu.
             Mangled by a large slime creature (29 damage)
             ... on level 12 of the Dungeon.
             The game lasted 00:59:45 (14315 turns).

porkupine the Spear-Bearer (MiAK)                  Turns: 14315, Time: 00:59:46

Health: -8/112     AC: 29    Str: 20 (21) XL:     12   Next: 15%
Magic:  12/12      EV:  9    Int:  8 (9)  God:    Lugonu [******]
Gold:   708        SH:  0    Dex: 15      Spells: 11/11 levels left

rFire    + + +     SeeInvis +   T - +1 spear (pierce)
rCold    . . .     Gourm    .   (no shield)
rNeg     . . .     Faith    .   l - +9 plate armour "Qyahoh" {Dex+4}
rPois    .         Spirit   .   a - +0 hat
rElec    .         Reflect  .   y - +0 cloak
rCorr    .         Harm     .   K - +0 pair of gloves
MR       +....     NoTele   +   W - +0 pair of boots of Kunnof {-Tele rF+++ Stlth+}
Stlth    ..........             (no amulet)
HPRegen  0.28/turn              C - ring of see invisible
MPRegen  0.13/turn              g - ring of protection from magic

@: studying Stealth
A: retaliatory headbutt, horns 2
a: Depart the Abyss, Bend Space, Banish, Corrupt, Enter the Abyss, Brand Weapon
With Distortion, Renounce Religion


You were on level 12 of the Dungeon.
You worshipped Lugonu.
Lugonu was exalted by your worship.
You were not hungry.

You visited 1 branch of the dungeon, and saw 12 of its levels.
You visited the Abyss 1 time.

You collected 708 gold pieces.

Inventory:

Hand Weapons
 J - a +0 glaive
 T - a +1 spear of piercing (weapon)
Missiles
 h - 16 boomerangs
 k - 30 poisoned darts (quivered)
 s - 2 datura-tipped darts
 Q - 4 javelins
 S - 6 curare-tipped darts
Armour
 a - a +0 hat (worn)
 l - the +9 plate armour "Qyahoh" (worn) {Dex+4}
   (You found it on level 5 of the Dungeon)

   It affects your dexterity (+4).
 y - a +0 cloak (worn)
 D - a +3 plate armour of poison resistance
 K - a +0 pair of gloves (worn)
 W - the +0 pair of boots of Kunnof (worn) {-Tele rF+++ Stlth+}
   (You found it on level 10 of the Dungeon)

   It renders you almost immune to fire.
   It prevents most forms of teleportation.
   It makes you more stealthy.
Jewellery
 b - an uncursed ring of flight
 g - a ring of protection from magic (right hand)
 t - an uncursed ring of protection from fire
 C - a ring of see invisible (left hand)
 H - a +3 ring of dexterity
 I - a +3 ring of protection
 N - an uncursed ring of stealth
 R - the ring "Qefyshre" {*Tele rC+}
   (You found it on level 9 of the Dungeon)

   [ring of teleportation]

   It may teleport you next to monsters.
   It protects you from cold.
Wands
 o - a wand of digging (6)
 v - a wand of paralysis (14)
 F - a wand of disintegration (9)
 G - a wand of iceblast (16)
 M - a wand of acid (7)
 P - a wand of polymorph (11)
 Z - a wand of flame (14)
Scrolls
 d - 12 scrolls of identify
 e - 4 scrolls of magic mapping
 f - 4 scrolls of fog
 i - 5 scrolls of teleportation
 j - 5 scrolls of remove curse
 r - 3 scrolls of immolation
 L - a scroll of enchant weapon
 O - a scroll of amnesia {unknown}
 U - a scroll of fear {unknown}
Potions
 m - 3 potions of lignification
 n - 4 potions of might
 p - a potion of flight {unknown}
 q - a potion of brilliance {unknown}
 u - 4 potions of curing
 w - a potion of haste
 x - 4 potions of heal wounds
 z - a potion of ambrosia {unknown}
 B - 3 potions of resistance {unknown}
 E - 2 potions of berserk rage {unknown}
 V - a potion of magic {unknown}
 X - 2 potions of mutation {unknown}
 Y - a potion of agility
Books
 A - a manual of Stealth
Comestibles
 c - 18 rations


   Skills:
 + Level 11.9 Fighting
 + Level 14.2 Polearms
 + Level 3.4 Throwing
 + Level 12.8 Armour
 + Level 4.2 Dodging
 + Level 1.4 Stealth
 + Level 2.4 Invocations
 + Level 2.4 Evocations


You had 11 spell levels left.
You didn't know any spells.
Your spell library was empty.

Dungeon Overview and Level Annotations

Branches:
Dungeon (12/15)            Temple (0/1) D:5            Lair (0/6) D:10
    Orc (0/2) D:11

Altars:
Cheibriados
Dithmenos
Elyvilon
Fedhas
Hepliaklqana
Makhleb
Nemelex Xobeh
Wu Jian
Yredelemnul
The Shining One

Shops:
D:4 [


Innate Abilities, Weirdness & Mutations

You reflexively headbutt those who attack you in melee.
You have a pair of horns on your head.


Message History

The large slime creature is severely wounded.
The large slime creature hits you!
You puncture the large slime creature!
The large slime creature is severely wounded.
You completely miss the large slime creature.
You headbutt the large slime creature.
The large slime creature is severely wounded.
The large slime creature hits you!!
You hit the large slime creature. You headbutt the large slime creature!
The large slime creature is almost dead.
You hit the large slime creature. You headbutt the large slime creature.
The large slime creature is almost dead.
The large slime creature hits you!!
* * * LOW HITPOINT WARNING * * *
You hit the large slime creature but do no damage.
The large slime creature is almost dead.
You hit the large slime creature but do no damage.
The large slime creature is almost dead.
The large slime creature hits you!!
You die...

####.##### ##.###.#####
#........# #.# #.##.###.# #.# #+#
#.##.# #.# #.# ...## #.##.###.#
#.# # ....## #.##..##.# #.# ##
.....###.##..##.# ..# ##.
......##.#...##.######.#. .####..
......'.........@JW...... .......
......##........##.###.#.........
.....#####...#### .# ###.. ....##
#.#... .# #.# ...## #.###.# .# #
# #'## #.# .# .# #.# #.# # .# #.#
.. .# #.##


You could see a large slime creature and a hungry ghost.

Vanquished Creatures
  Snorg (D:10)
  4 two-headed ogres
  Erica (D:9)
  Sonja (D:10)
  An unseen horror (D:10)
  Pikel (D:4)
  A cyclops (D:7)
  Joseph (D:9)
  2 centaur zombies
  2 kobold demonologists (D:12)
  Grinder (D:3)
  2 hornets
  2 hippogriffs
  3 slime creatures (D:11)
  Sigmund (D:2)
  A spriggan (D:11)
  Eustachio (D:5)
  A shadow (D:12)
  A hungry ghost (D:9)
  4 yaks (D:9)
  Menkaure (D:4)
  2 basilisks (D:12)
  Grum (D:8)
  Edmund (D:6)
  A water moccasin (D:9)
  A black bear (D:6)
  5 orc warriors
  A phantom (D:6)
  6 sky beasts
  An eye of draining (D:9)
  4 ice beasts
  An ogre (D:8)
  2 wolves (D:8)
  10 centaurs
  6 big kobolds
  7 bullfrogs
  A wyvern skeleton (D:7)
  A water moccasin skeleton (D:8)
  2 scorpions
  6 killer bees (D:9)
  10 wights
  5 howler monkeys
  3 crimson imps
  A bullfrog skeleton (D:12)
  4 hounds
  2 jellies
  Crazy Yiuf (D:6)
  7 orc priests
  3 centaur skeletons
  7 orc wizards
  Terence (D:3)
  2 iguanas
  6 worker ants
  A hound skeleton (D:6)
  2 hound zombies
  2 worker ant zombies
  12 adders
  12 gnolls
  A howler monkey skeleton (D:11)
  2 shadow imps
  An ooze (D:3)
  An adder skeleton (D:7)
  A worm (D:3)
  2 dart slugs
  5 leopard geckos
  44 orcs
  3 ball pythons
  5 bats
  7 giant cockroaches
  31 goblins
  23 hobgoblins
  3 quokkas
  4 frilled lizards
  A jackal zombie (D:7)
  14 kobolds
  A leopard gecko zombie (D:5)
  7 rats
329 creatures vanquished.

Vanquished Creatures (others)
  A slave (D:4)
  A gnoll (D:4)
  3 goblins (D:4)
  2 hobgoblins (D:4)
7 creatures vanquished.

Grand Total: 336 creatures vanquished

Notes
Turn   | Place    | Note
-------+----------+-------------------------------------------
     0 | Abyss:1  | porkupine the Minotaur Abyssal Knight began the quest for
                  | the Orb.
     0 | Abyss:1  | Reached XP level 1. HP: 19/19 MP: 1/1
    20 | D:1      | Escaped the Abyss
   240 | D:1      | Reached XP level 2. HP: 27/27 MP: 2/2
   659 | D:2      | Noticed Sigmund
   663 | D:2      | Killed Sigmund
   663 | D:2      | Reached skill level 5 in Fighting
   663 | D:2      | Reached skill level 3 in Polearms
   663 | D:2      | Reached XP level 3. HP: 37/37 MP: 3/3
   663 | D:2      | Reached XP level 4. HP: 44/44 MP: 4/4
   663 | D:2      | Reached XP level 5. HP: 50/50 MP: 5/5
   899 | D:2      | Reached ** piety under Lugonu
  1155 | D:2      | Reached skill level 4 in Polearms
  1503 | D:3      | Noticed Terence
  1510 | D:3      | Killed Terence
  1942 | D:3      | Reached XP level 6. HP: 42/57 MP: 6/6
  1943 | D:3      | Noticed Grinder
  1992 | D:3      | Killed Grinder
  1992 | D:3      | Reached skill level 5 in Polearms
  1992 | D:3      | Reached skill level 5 in Armour
  2542 | D:4      | Reached XP level 7. HP: 63/63 MP: 7/7
  2582 | D:4      | Found Udweron's Armour Shoppe.
  2678 | D:4      | Noticed Pikel
  2694 | D:4      | Killed Pikel
  2694 | D:4      | Reached skill level 6 in Polearms
  2694 | D:4      | Reached skill level 1 in Evocations
  2694 | D:4      | Reached XP level 8. HP: 53/71 MP: 8/8
  2881 | D:4      | Reached *** piety under Lugonu
  3114 | D:4      | Found a hazy altar of Hepliaklqana.
  3224 | D:4      | Noticed Menkaure
  3233 | D:4      | Killed Menkaure
  3233 | D:4      | Reached skill level 7 in Polearms
  3661 | D:4      | Reached **** piety under Lugonu
  3932 | D:4      | Reached skill level 8 in Polearms
  4278 | D:5      | Entered Level 5 of the Dungeon
  4340 | D:5      | Found a staircase to the Ecumenical Temple.
  4517 | D:5      | Noticed Eustachio
  4532 | D:5      | Killed Eustachio
  4709 | D:5      | Got a faintly glowing plate armour
  4723 | D:5      | Identified the +9 plate armour "Qyahoh" {Dex+4} (You found
                  | it on level 5 of the Dungeon)
  4958 | D:5      | Found a white marble altar of Elyvilon.
  4964 | D:5      | Found a snail-covered altar of Cheibriados.
  4964 | D:5      | Found a blossoming altar of Fedhas.
  4965 | D:5      | Found a basalt altar of Yredelemnul.
  5220 | D:5      | Reached skill level 9 in Polearms
  5350 | D:5      | Reached XP level 9. HP: 63/80 MP: 9/9
  5839 | D:6      | Found an ornate altar of the Wu Jian Council.
  5911 | D:6      | Found a shadowy altar of Dithmenos.
  6029 | D:6      | Noticed Edmund
  6046 | D:6      | Killed Edmund
  6046 | D:6      | Reached ***** piety under Lugonu
  6056 | D:6      | Reached skill level 10 in Polearms
  6211 | D:6      | Found a glowing golden altar of the Shining One.
  6271 | D:6      | Reached skill level 1 in Throwing
  6362 | D:6      | Found a runed translucent door.
  6363 | D:6      | Noticed Crazy Yiuf
  6372 | D:6      | Paralysed by Crazy Yiuf for 3 turns
  6376 | D:6      | Killed Crazy Yiuf
  6722 | D:7      | Noticed a cyclops
  6738 | D:7      | Killed a cyclops
  6738 | D:7      | Reached skill level 1 in Stealth
  7117 | D:7      | Reached skill level 11 in Polearms
  7311 | D:7      | Reached XP level 10. HP: 91/91 MP: 10/10
  7978 | D:8      | Noticed a two-headed ogre
  7987 | D:8      | Killed a two-headed ogre
  7987 | D:8      | Reached skill level 12 in Polearms
  8197 | D:8      | Found a sparkling altar of Nemelex Xobeh.
  8345 | D:8      | Noticed Grum
  8373 | D:8      | Killed Grum
  8596 | D:8      | Found a burning altar of Makhleb.
  8889 | D:8      | Reached skill level 10 in Armour
  9302 | D:9      | Noticed Joseph
  9315 | D:9      | Killed Joseph
  9315 | D:9      | Reached skill level 10 in Fighting
  9352 | D:9      | Noticed Erica
  9414 | D:9      | Killed Erica
  9686 | D:9      | Reached XP level 11. HP: 100/100 MP: 11/11
  9730 | D:9      | Reached skill level 13 in Polearms
 10199 | D:9      | Got a pitted wooden ring
 10201 | D:9      | Identified the ring "Qefyshre" {*Tele rC+} (You found it on
                  | level 9 of the Dungeon)
 10225 | D:10     | Entered Level 10 of the Dungeon
 10225 | D:10     | Found a staircase to the Lair.
 10249 | D:10     | Noticed Sonja
 10252 | D:10     | Paralysed by Sonja for 6 turns
 10794 | D:10     | Killed Sonja
 11275 | D:10     | Noticed Snorg
 11293 | D:10     | Killed Snorg
 11691 | D:10     | Got a pair of crude boots
 11702 | D:10     | Identified the +0 pair of boots of Kunnof {-Tele rF+++
                  | Stlth+} (You found it on level 10 of the Dungeon)
 11781 | D:10     | Noticed a two-headed ogre
 11792 | D:10     | Killed a two-headed ogre
 12092 | D:11     | Noticed a two-headed ogre
 12113 | D:11     | Killed a two-headed ogre
 12877 | D:11     | Reached ****** piety under Lugonu
 13145 | D:10     | Noticed an unseen horror
 13154 | D:10     | Killed an unseen horror
 13154 | D:10     | Reached skill level 14 in Polearms
 13193 | D:10     | Noticed a catoblepas
 13204 | D:11     | catoblepas on this <>
                  | ERROR: string above had unterminated tag
 13222 | D:11     | Found a staircase to the Orcish Mines.
 13457 | D:12     | Noticed a sun demon
 13631 | D:12     | Reached XP level 12. HP: 110/111 MP: 12/12
 13655 | D:12     | Noticed a two-headed ogre
 13675 | D:12     | Killed a two-headed ogre
 14315 | D:12     | Mangled by a large slime creature

Levels and vault maps discovered:
D:1:      enne_arrival_octagon_isle, layout_loops_ring
D:2:      layout_loops_corners, first_ration, minmay_vboxes, uniq_sigmund
D:3:      layout_loops_ring, uniq_terence, uniq_grinder
D:4:      minmay_goblin_kobold_castle, layout_loops_ring, kennysheep_mini_moat,
          serial_shops, shop_fountains, kennysheep_minor_cross, uniq_menkaure,
          uniq_pikel
D:5:      layout_loops_ring, minitemple, minmay_temple_entry_stoned_glass,
          uniq_eustachio
D:6:      layout_cave_pools, kennysheep_little_box, old_standard_altar,
          lemuel_round_altar, st_stairs_13, uniq_crazy_yiuf_cottage, uniq_edmund
D:7:      layout_loops_ring, minmay_manual_mail
D:8:      layout_loops_corners, kennysheep_mini,
          nemelex_xobeh_ov_fountains_minmay, uniq_grum
D:9:      layout_basic, uniq_erica, uniq_joseph
D:10:     cheibrodos_elevator_heist, layout_layer_cave, lair_entry_dummy,
          uniq_snorg, uniq_sonja
D:11:     layout_roguey, david_orc_4, the_bakery
D:12:     layout_loops_corners, gauntlet_entry_generic

Skill      XL: |  1  2  3  4  5  6  7  8  9 10 11 |
---------------+----------------------------------+-----
Fighting       | 5 6 7 9 10 11 | 11.9
Polearms       | 3 4 5 6 9 11 12 14 | 14.2
Armour         | 3 4 5 6 7 9 10 12 | 12.8
Invocations    | 2 |  2.4
Dodging        | 2 3 4 |  4.2
Evocations     | 1 2 |  2.4
Throwing       | 1 2 3 |  3.4
Stealth        | 1 |  1.4

Action                   |  1- 3 |  4- 6 |  7- 9 | 10-12 || total
-------------------------+-------+-------+-------+-------++-------
Melee: Spear             |    21 |       |       |   458 ||   479
       Headbutt          |     2 |     9 |    65 |   121 ||   197
       Scythe            |       |   147 |   410 |       ||   557
       Halberd           |       |       |    16 |   308 ||   324
Throw: Dart              |       |       |     8 |    23 ||    31
Invok: Bend Space        |       |       |       |     1 ||     1
Evoke: Wand              |     3 |    10 |     2 |    10 ||    25
  Use: Scroll            |       |     3 |     6 |     6 ||    15
       Potion            |       |     1 |     1 |     6 ||     8
  Eat: Chunk             |       |     5 |    13 |    18 ||    36
       Ration            |       |       |     1 |     3 ||     4
Armor: Scale mail        |     3 |       |       |       ||     3
       Chain mail        |     2 |    87 |       |       ||    89
       Plate armour      |       |    51 |   446 |   323 ||   820
       Skin              |       |       |    24 |   118 ||   142
Dodge: Dodged            |     4 |    73 |   203 |   160 ||   440
